 Dungeon Crawl Stone Soup version 0.29.1-15-g9cfb28693d (webtiles) character file.

Game seed: 10885356074948339308

1062 asdfasdf the Cleaver (level 8, -1/69 HPs)
             Began as a Hill Orc Fighter on Apr 29, 2023.
             Slain by a gnoll
             ... wielding a +0 spear
             ... led by a gnoll bouda
              (4 damage)
             ... on level 4 of the Dungeon.
             The game lasted 00:07:01 (4031 turns).

asdfasdf the Cleaver (Hill Orc Fighter)             Turns: 4031, Time: 00:07:02

Health: -1/69      AC:  8    Str: 18 (21) XL:     8   Next: 27%
Magic:  8/8        EV:  9    Int:  5 (8)  God:
Gold:   118        SH:  4    Dex:  9 (10) Spells: 7/7 levels left

rFire   . . .      SeeInvis .   a - +0 war axe
rCold   . . .      Faith    .   c - +0 buckler
rNeg    . . .      Spirit   .   b - +0 scale mail
rPois   .          Reflect  .   (no helmet)
rElec   .          Harm     .   (no cloak)
rCorr   .          Rampage  .   (no gloves)
Will    .....                   g - +0 pair of boots
Stlth   ..........              (no amulet)
HPRegen 0.21/turn               (no ring)
MPRegen 0.11/turn               (no ring)

@: mighty, brilliant
A: no striking features
a: no special abilities


You were on level 4 of the Dungeon.
You visited 1 branch of the dungeon, and saw 4 of its levels.

You collected 118 gold pieces.

Inventory:

Hand Weapons
 a - a +0 war axe (weapon)
Armour
 b - a +0 scale mail (worn)
 c - a +0 buckler (worn)
 g - a +0 pair of boots (worn)
Jewellery
 u - a ring of positive energy
Wands
 v - a wand of flame (8)
Scrolls
 e - a scroll of noise {unknown}
 f - 4 scrolls of identify {unknown}
 j - a scroll of magic mapping {unknown}
 k - a scroll of enchant armour {unknown}
 l - a scroll of poison {unknown}
 p - a scroll of immolation {unknown}
 r - 4 scrolls of teleportation {unknown}
 s - 3 scrolls of vulnerability {unknown}
 t - a scroll of amnesia {unknown}
Potions
 h - 2 potions of degeneration
 i - 3 potions of curing
 m - a potion of lignification {unknown}
 o - a potion of invisibility
 q - a potion of resistance {unknown}
 w - a potion of brilliance


   Skills:
 + Level 5.6 Fighting
 + Level 9.3 Axes
 + Level 5.4 Armour
 + Level 1.6 Dodging
 + Level 0.5 Stealth
 + Level 4.3 Shields


You had 7 spell levels left.
You didn't know any spells.
Your spell library contained the following spells:

 Spells                   Type           Power      Damage    Failure   Level
 Dazzling Flash           Conj/Hex       0%         N/A       99%         3
 Gell's Gravitas          Tloc           0%         N/A       99%         3
 Lesser Beckoning         Tloc           0%         N/A       99%         3
 Teleport Other           Tloc           0%         N/A       99%         3
 Iskenderun's Mystic Bla  Conj/Tloc      0%         2d3       100%        4
 Starburst                Conj/Fire      0%         6d3       100%        6


Dungeon Overview and Level Annotations

Branches:
Dungeon (4/15)
 Temple: D:4-7

Altars:
Xom


Message History

The kobold barely misses you.
You rip the net and break free!
Your attacks no longer feel as feeble.
The gnoll hits you from afar with a +0 halberd.
* * * LOW HITPOINT WARNING * * *
The gnoll barely misses you. The kobold barely misses you.
You slash the kobold!
You kill the kobold!
The gnoll hits you from afar with a +0 spear.
* * * LOW HITPOINT WARNING * * *
The gnoll barely misses you. The gnoll hits you with a +0 spear.
* * * LOW HITPOINT WARNING * * *
Items here: )) ? [ | ††.
The gnoll hits you but does no damage.
Things that are here:
a +0 spear; a gnoll corpse You block the gnoll's attack.
You see here a scroll labelled OGETTU FAFOPH.
The gnoll hits you but does no damage. The gnoll completely misses you.
The gnoll closely misses you.
You strike the helpless gnoll from behind!
You slice the gnoll!!
You kill the gnoll!
You flicker for a moment.
Things that are here:
a +0 halberd; a gnoll corpse You block the gnoll's attack.
The gnoll closely misses you.
You closely miss the gnoll.
You flicker back into view.
The gnoll barely misses you.
You barely miss the gnoll. The gnoll hits you with a +0 spear.
* * * LOW HITPOINT WARNING * * *
You barely miss the gnoll. The gnoll hits you with a +0 spear.
* * * LOW HITPOINT WARNING * * *
You slash the gnoll!
The gnoll is severely wounded.
The gnoll hits you with a +0 spear.
You die...

......#..# #..#.#
.##..##..# #..#.#
.##..##..# #..#.#
.........#
#....#######
.#......## #.........#
###..#### #.##)## . #
##.########.#...###...
##..(....))?.........
#
##.########.#.@.###...
###.## #.##g.# . .#.##
#.###.# #.## #.. ...
#.# ### .### #.# .#
#.# .# #.# .# #.#


You could see a gnoll.

Vanquished Creatures
  Pikel (D:4)
  A phantom (D:4)
  4 crimson imps (D:3)
  2 hounds (D:4)
  A gnoll bouda (D:4)
  Jessica (D:2)
  An iguana (D:4)
  Ijyb (D:4)
  3 orc wizards (D:4)
  2 gnolls (D:4)
  5 adders
  A worm (D:3)
  A dart slug (D:4)
  2 orcs
  7 ball pythons
  7 endoplasms
  6 giant cockroaches
  8 goblins
  11 hobgoblins
  3 kobolds
  5 quokkas
  3 bats
  5 frilled lizards
  7 rats
88 creatures vanquished.

Vanquished Creatures (others)
  31 plants (D:2)
31 creatures vanquished.

Grand Total: 119 creatures vanquished

Notes
Turn   | Place    | Note
-------+----------+-------------------------------------------
     0 | D:1      | asdfasdf the Hill Orc Fighter began the quest for the Orb.
     0 | D:1      | Reached XP level 1. HP: 19/19 MP: 1/1
   177 | D:1      | Found a faded altar of an unknown god.
   322 | D:1      | Reached XP level 2. HP: 22/27 MP: 2/2
   609 | D:1      | Reached skill level 3 in Axes
   840 | D:2      | Reached XP level 3. HP: 33/33 MP: 3/3
  1359 | D:2      | Noticed Jessica
  1362 | D:2      | Killed Jessica
  1363 | D:2      | Reached skill level 4 in Axes
  1363 | D:2      | Reached XP level 4. HP: 40/40 MP: 4/4
  1877 | D:3      | Found a shimmering altar of Xom.
  1889 | D:3      | Reached skill level 5 in Axes
  1889 | D:3      | Reached XP level 5. HP: 42/46 MP: 5/5
  1937 | D:3      | Reached skill level 6 in Axes
  1937 | D:3      | Reached skill level 1 in Dodging
  2280 | D:3      | Reached XP level 6. HP: 50/53 MP: 6/6
  2496 | D:4      | Noticed Pikel
  2515 | D:4      | Killed Pikel
  2516 | D:4      | Reached skill level 5 in Fighting
  2516 | D:4      | Reached skill level 8 in Axes
  2516 | D:4      | Reached skill level 5 in Armour
  2516 | D:4      | Reached XP level 7. HP: 26/61 MP: 7/7
  3358 | D:4      | Reached XP level 8. HP: 39/69 MP: 8/8
  3365 | D:4      | Noticed Ijyb
  3390 | D:4      | Killed Ijyb
  3391 | D:4      | Reached skill level 9 in Axes
  4030 | D:4      | HP: 3/69 [gnoll/+0 spear[a gnoll bouda] (4)]
  4031 | D:4      | Slain by a gnoll

Illustrated notes

Levels and vault maps discovered:
D:1:      heliophobic_arrival_glass_houses, layout_rooms,
          basic_ecumenical_altar, nicolae_titane
D:2:      layout_rooms, grunt_ministairs_8, serial_bayou_lagoon_a, uniq_jessica
D:3:      layout_basic, led_xom_imps, minmay_misc_feat_roman, fountainhead,
          grunt_decor_one_mirror
D:4:      layout_loops_corners, lemuel_round_altar, minmay_checkerbox,
          uniq_ijyb, uniq_pikel

Skill      XL: |  1  2  3  4  5  6  7  8 |
---------------+-------------------------+-----
Axes           | 3 4 5 6 8 9 |  9.3
Fighting       | 4 5 |  5.6
Armour         | 4 5 |  5.4
Dodging        | 1 |  1.6
Shields        | 4 |  4.3
Stealth        | |  0.5

Action                   |  1- 3 |  4- 6 |  7- 9 || total
-------------------------+-------+-------+-------++-------
Melee: War axe           |   111 |   104 |   150 ||   365
  Use: Potion            |       |     1 |     6 ||     7
 Stab: Invisible         |       |       |     1 ||     1
Armor: Scale mail        |    70 |    45 |    91 ||   206
Dodge: Dodged            |    71 |    44 |    81 ||   196
Block: Buckler           |    32 |    21 |    37 ||    90
